 Dungeon Crawl Stone Soup version 0.30.0-29-ga12c61a403 (webtiles) character file.

Game seed: 2388105481870604712

16963 Dadbod the Cleaver (level 12, 0/91 HPs)
             Began as a Formicid Fighter on June 11, 2023.
             Was an Elder of Okawaru.
             Succumbed to a balrug's poison
             ... on level 2 of the Abyss.
             The game lasted 00:49:27 (11529 turns).

Dadbod the Cleaver (Formicid Fighter)              Turns: 11529, Time: 00:49:28

Health: 0/91       AC: 13    Str: 26    XL:     12   Next: 76%
Magic:  11/16      EV: 10    Int:  8    God:    Okawaru [****..]
Gold:   658        SH: 11    Dex: 13    Spells: 8/11 levels left

rFire   + + .        f - +4 executioner's axe (pain)
rCold   + . .        c - +0 buckler
rNeg    . . .        d - +0 chain mail
rPois   +            (helmet unavailable)
rElec   +            e - +0 cloak
rCorr   +            (no gloves)
SInv    +            w - +0 pair of boots
Will    +....        m - amulet of reflection Stlth
                     i - ring of protection from fire
HPRegen 0.35/turn    (no ring)
MPRegen 0.15/turn

%: reflection
@: lethally poisoned (0 -> -6), resistant, finesse-ful, studying Shields
A: permanent stasis, dig shafts and tunnels, antennae 3, four strong arms
a: Dig, Shaft Self, Renounce Religion, Heroism, Finesse


You were on level 2 of the Abyss.
You worshipped Okawaru.
Okawaru was greatly pleased with you.
You visited 3 branches of the dungeon, and saw 13 of its levels.
You visited the Abyss 1 time.

You collected 658 gold pieces.

Inventory:

Hand Weapons
 f - a +4 executioner's axe of pain (weapon)
Missiles
 q - 10 poisoned darts
 r - 4 javelins (quivered)
 s - 6 atropa-tipped darts
 y - 7 curare-tipped darts
 D - 4 boomerangs
Armour
 c - a +0 buckler (worn)
 d - a +0 chain mail (worn)
 e - a +0 cloak (worn)
 w - a +0 pair of boots (worn)
Jewellery
 i - a ring of protection from fire (left hand)
 m - an amulet of reflection (around neck)
Wands
 l - a wand of polymorph (7)
 n - a wand of roots (8)
 u - a wand of digging (3)
 v - a wand of mindburst (10)
 x - a wand of flame (6)
Scrolls
 b - 3 scrolls of identify
 j - 3 scrolls of enchant armour
 k - a scroll of magic mapping
 t - a scroll of immolation
 E - a scroll of fog
Potions
 o - 2 potions of flight
 p - 3 potions of magic
 z - a potion of brilliance
 C - a potion of curing
Miscellaneous
 A - a condenser vane


   Skills:
 + Level 7.5 Fighting
 + Level 14.1 Axes
 - Level 5.1 Throwing
 + Level 7.8 Armour
 - Level 2.8 Dodging
 - Level 1.6 Stealth
 + Level 8.7 Shields
 - Level 6.0 Invocations
 - Level 5.1 Evocations


You had 8 spell levels left.
You knew the following spells:

 Your Spells              Type           Power      Damage    Failure   Level
a - Vampiric Draining     Necr           0%         2d6       99%         3

Your spell library contained the following spells:

 Spells                   Type           Power      Damage    Failure   Level
 Necrotise                Necr           0%         1d4       91%         1
 Lesser Beckoning         Tloc           0%         N/A       97%         2
 Momentum Strike          Conj/Tloc      0%         3d8       97%         2
 Static Discharge         Conj/Air       0%         2-2/arc   97%         2
 Sublimation of Blood     Necr           0%         N/A       97%         2
 Gell's Gravitas          Tloc           0%         N/A       99%         3
 Teleport Other           Tloc           0%         N/A       99%         3
 Airstrike                Air            0%         2d(0-16)  100%        4
 Passage of Golubria      Tloc           0%         N/A       100%        4
 Petrify                  Tmut/Erth      0%         N/A       100%        4
 Agony                    Necr           0%         N/A       100%        5
 Irradiate                Conj/Tmut      0%         3d11      100%        5
 Silence                  Hex/Air        0%         N/A       100%        5
 Yara's Violent Unravell  Hex/Tmut       0%         3d3       100%        5
 Dispersal                Tloc           0%         N/A       100%        6
 Lehudib's Crystal Spear  Conj/Erth      0%         10d2      100%        8
 Blink                    Tloc           Unusable   N/A       N/A         2
 Tukima's Dance           Hex            Unusable   N/A       N/A         3
 Summon Lightning Spire   Summ/Air       Unusable   N/A       N/A         4

Dungeon Overview and Level Annotations

Branches:
Dungeon (11/15)            Temple (1/1) D:7            Lair (1/5) D:10
    Orc: D:9-12

Altars:
Ashenzari
Cheibriados
Dithmenos
Elyvilon
Fedhas
Gozag
Hepliaklqana
Kikubaaqudgha
Makhleb
Nemelex Xobeh
Okawaru
Qazlal
Ru
Sif Muna
Trog
Uskayaw
Vehumet
Wu Jian
Xom
Yredelemnul
Zin
The Shining One

Shops:
D:5 (

Annotations:
D:11 Erolcha
Lair:1 Erica


Innate Abilities, Weirdness & Mutations

You cannot be hasted, slowed, berserked, paralysed or teleported.
You can dig through walls and to a lower floor.
You have a pair of large antennae on your head. (SInv)
Your four strong arms can wield two-handed weapons with a shield.


Message History

The starcursed mass shrieks in your mind.
The balrug gestures at you. Something smites you!
The starcursed mass shrieks in your mind.
The starcursed mass shrieks in your mind.
As you read the scroll of fog, it crumbles to dust.
The scroll dissolves into smoke.
You can now deal lightning-fast blows.
Okay, then.
You feel protected.
The balrug hits you with a +0 demon whip of venom!
* * * LOW HITPOINT WARNING * * *
You are engulfed in flames!
You resist.
* * * LOW HITPOINT WARNING * * *
You are poisoned.
You feel much better.
You feel like a meek peon again.
You feel very sick.
The balrug hits you with a +0 demon whip of venom!
* * * LOW HITPOINT WARNING * * *
You are engulfed in flames.
You resist.
* * * LOW HITPOINT WARNING * * *
As you read the scroll of fear, it crumbles to dust.
You assume a fearsome visage.
The balrug resists with almost no effort.
You feel sick.
The balrug hits you with a +0 demon whip of venom.
* * * LOW HITPOINT WARNING * * *
You are engulfed in flames.
You resist.
* * * LOW HITPOINT WARNING * * *
You block the balrug's attack.
Okay, then.
You hit the balrug.
The balrug is lightly wounded.
* * * LOW HITPOINT WARNING * * *
You feel sick.
Unknown command.
You hit the balrug.
The balrug is lightly wounded.
You die...

. { { { . {
## # . #.## .
# # 2# # . ..
####..## ...
.##
..#@§#.#.## .
#. . ..
..##2#....#.#
. . . .#
###X..#..# .
. . # # ..
#..§ .#.## #
. . {# #..
#...#.# .# .
# . ..# ###
..... #.. {##
#. . . ##..
)...... ###..
# #### ..(###
{ ###.. .#.
..#(#


You could see a starcursed mass and a balrug.

Vanquished Creatures
  Josephine (D:11)
  A rakshasa (Abyss:2)
  A two-headed ogre (D:8)
  A centaur warrior (D:9)
  3 death yaks
  2 deep elf pyromancers (D:9)
  A manticore (D:9)
  A gargoyle (D:11)
  2 komodo dragons
  A rime drake (Lair:1)
  5 trolls
  A slime creature (D:9)
  A small abomination (Abyss:2)
  A shadow (D:11)
  6 wraiths
  15 yaks
  Sigmund (D:5)
  A fire bat (shapeshifter) (D:9)
  A vampire (D:9)
  Eustachio (D:4)
  Grum (D:9)
  A basilisk (Lair:1)
  3 steam dragons
  A vampire mosquito (D:9)
  An acid dragon (D:9)
  Duvessa (D:7)
  4 orc warriors
  2 black bears
  An ice beast (D:7)
  3 sky beasts
  4 wolves (D:8)
  2 ogres
  4 centaurs
  2 phantoms
  A kobold brigand (D:10)
  Blork the orc (D:4)
  5 bullfrogs
  3 scorpions
  5 wights (D:6)
  Dowan (D:7)
  11 killer bees
  5 howler monkeys
  A jelly (D:4)
  A gnoll bouda (D:10)
  A hound (D:6)
  2 orc priests (D:6)
  A sleepcap (D:5)
  4 iguanas
  8 orc wizards
  Ijyb (D:5)
  A hell rat (D:10)
  4 adders
  12 gnolls
  2 river rats (D:10)
  A white imp (D:6)
  2 ufetubi
  5 worms
  2 dart slugs (D:1)
  30 orcs
  4 endoplasms
  3 giant cockroaches
  9 goblins
  2 hobgoblins
  6 jackals
  9 kobolds
  3 quokkas
  10 ball pythons
  9 bats
  3 frilled lizards
  4 rats
249 creatures vanquished.

Vanquished Creatures (collateral kills)
  A sky beast (D:7)
  A killer bee (D:7)
  A shadow imp (D:7)
3 creatures vanquished.

Vanquished Creatures (others)
  A kobold (D:10)
1 creature vanquished.

Grand Total: 253 creatures vanquished

Notes
Turn   | Place    | Note
-------+----------+-------------------------------------------
     0 | D:1      | Dadbod the Formicid Fighter began the quest for the Orb.
     0 | D:1      | Reached XP level 1. HP: 18/18 MP: 1/1
   104 | D:1      | Found a faded altar of an unknown god.
   106 | D:1      | Reached XP level 2. HP: 24/24 MP: 2/2
   406 | D:1      | Reached XP level 3. HP: 29/29 MP: 3/3
   586 | D:1      | Identified a scroll of acquirement
   586 | D:1      | Acquired a +0 executioner's axe of pain
   601 | D:1      | You fall into a shaft and drop 1 floor!
  1227 | D:2      | Reached skill level 3 in Axes
  1620 | D:3      | Reached XP level 4. HP: 35/35 MP: 4/4
  2151 | D:4      | Noticed Eustachio
  2407 | D:4      | Reached skill level 4 in Axes
  2407 | D:4      | Reached XP level 5. HP: 19/41 MP: 5/5
  2421 | D:4      | Reached skill level 1 in Throwing
  2562 | D:4      | Noticed Blork the orc
  2574 | D:4      | Killed Blork the orc
  2575 | D:4      | Reached XP level 6. HP: 40/48 MP: 6/6
  2688 | D:4      | Killed Eustachio
  2689 | D:4      | Reached skill level 5 in Axes
  2689 | D:4      | Reached skill level 1 in Dodging
  2972 | D:5      | Entered Level 5 of the Dungeon
  3010 | D:5      | Noticed Ijyb
  3017 | D:5      | Reached XP level 7. HP: 53/53 MP: 7/7
  3024 | D:5      | Killed Ijyb
  3045 | D:5      | Found Optered's Antique Weapon Emporium.
  3319 | D:5      | Reached skill level 6 in Axes
  3684 | D:4      | Reached skill level 1 in Evocations
  3947 | D:5      | Reached XP level 8. HP: 60/60 MP: 8/8
  4373 | D:5      | Noticed Sigmund
  4389 | D:5      | Killed Sigmund
  4390 | D:5      | Reached skill level 7 in Axes
  4390 | D:5      | Reached skill level 5 in Shields
  4665 | D:6      | Reached skill level 5 in Armour
  4886 | D:6      | Reached XP level 9. HP: 45/66 MP: 9/9
  4892 | D:6      | Reached skill level 8 in Axes
  5040 | D:6      | Noticed a troll
  5051 | D:6      | Killed a troll
  5803 | D:7      | Reached skill level 9 in Axes
  5870 | D:7      | Found a staircase to the Ecumenical Temple.
  6170 | D:7      | Reached skill level 5 in Fighting
  6170 | D:7      | Reached skill level 10 in Axes
  6170 | D:7      | Reached XP level 10. HP: 57/74 MP: 10/10
  6174 | D:7      | Reached skill level 1 in Stealth
  6380 | D:7      | Noticed Duvessa
  6380 | D:7      | Noticed Dowan
  6394 | D:7      | Killed Duvessa
  6397 | D:7      | Killed Dowan
  6958 | D:8      | Reached skill level 11 in Axes
  6997 | D:8      | Identified the +6 falchion "Vikkix" {spect, Int+2 Stlth+}
  7133 | D:8      | Noticed a two-headed ogre
  7154 | D:8      | Killed a two-headed ogre
  7325 | D:8      | Reached XP level 11. HP: 75/81 MP: 11/11
  7429 | D:8      | Reached skill level 12 in Axes
  7564 | Temple   | Entered the Ecumenical Temple
  7581 | Temple   | Became a worshipper of Warmaster Okawaru
  7605 | D:9      | Noticed Grum
  7721 | D:9      | Killed Grum
  7781 | D:9      | Noticed a centaur warrior
  7787 | D:9      | Noticed a deep elf pyromancer
  7790 | D:9      | Killed a centaur warrior
  7790 | D:9      | Reached * piety under Okawaru
  7807 | D:9      | Killed a deep elf pyromancer
  7969 | D:9      | Reached skill level 13 in Axes
  7997 | D:9      | Reached ** piety under Okawaru
  8031 | D:9      | Noticed a deep elf pyromancer
  8040 | D:9      | Killed a deep elf pyromancer
  8358 | D:9      | Noticed a manticore
  8364 | D:9      | Killed a manticore
  8365 | D:9      | Reached skill level 5 in Invocations
  8424 | D:9      | Reached *** piety under Okawaru
  8772 | D:9      | Reached XP level 12. HP: 58/89 MP: 16/16
  8974 | D:9      | Found an opulent altar of Gozag.
  9034 | D:10     | Entered Level 10 of the Dungeon
  9034 | D:10     | Noticed a death yak
  9034 | D:10     | Noticed a death yak
  9041 | D:10     | Noticed a death yak
  9055 | D:9      | Killed a death yak
  9056 | D:9      | Reached skill level 5 in Evocations
  9242 | D:10     | Reached skill level 5 in Throwing
  9459 | D:10     | Found a burning altar of Makhleb.
  9464 | D:10     | Found a glowing silver altar of Zin.
  9464 | D:10     | Noticed an angel
  9464 | D:10     | Noticed a cacodemon
  9565 | D:10     | Learned a level 3 spell: Vampiric Draining
  9628 | D:10     | Found a staircase to the Lair.
  9654 | D:10     | Killed a death yak
  9664 | D:10     | Killed a death yak
  9832 | D:10     | Reached **** piety under Okawaru
 10264 | D:10     | Found a white marble altar of Elyvilon.
 10264 | D:10     | Found a basalt altar of Yredelemnul.
 10265 | D:10     | Found a sparkling altar of Nemelex Xobeh.
 10266 | D:10     | Found a stormy altar of Qazlal.
 10266 | D:10     | Found an ornate altar of the Wu Jian Council.
 10267 | D:10     | Found a shadowy altar of Dithmenos.
 10268 | D:10     | Found a radiant altar of Vehumet.
 10268 | D:10     | Found a broken altar of Ashenzari.
 10284 | D:10     | Found a blossoming altar of Fedhas.
 10285 | D:10     | Found a shimmering altar of Xom.
 10285 | D:10     | Found a snail-covered altar of Cheibriados.
 10526 | Lair:1   | Entered Level 1 of the Lair of Beasts
 10967 | Lair:1   | Noticed Erica
 11030 | D:11     | Noticed Josephine
 11042 | D:11     | Killed Josephine
 11057 | D:11     | Received a gift from Okawaru
 11286 | D:11     | Acquired a manual of Shields
 11332 | D:11     | Reached skill level 14 in Axes
 11405 | D:11     | Noticed Erolcha
 11419 | Abyss:2  | Cast into level 2 of the Abyss (Erolcha)
 11466 | Abyss:2  | Noticed a starcursed mass
 11485 | Abyss:2  | Noticed a rakshasa
 11505 | Abyss:2  | Killed a rakshasa
 11520 | Abyss:2  | Noticed a balrug
 11527 | Abyss:2  | HP: 2/91 [balrug/+0 demon whip of venom (6)]
 11529 | Abyss:2  | Succumbed to a balrug's poison

Illustrated notes

Levels and vault maps discovered:
D:1:      mrwooster_arrival_arrow, layout_loops_ring, basic_ecumenical_altar
D:2:      layout_loops_corners
D:3:      layout_rooms, nicolae_wormholes
D:4:      layout_basic, chequers_serial_rivers_micro_a,
          eino_small_chamber_without_monster, uniq_blork_the_orc, uniq_eustachio
D:5:      layout_loops_corners, serial_shops, shop, uniq_ijyb, uniq_sigmund
D:6:      layout_basic
D:7:      layout_rooms, minmay_temple_entry_from_below_a,
          minmay_tree_intersection, grunt_tough_drop, uniq_duvessa
D:8:      layout_basic, kennysheep_generic_room_14
D:9:      minmay_the_grid_four_pointed_star
          [minmay_the_grid_triangle_9x9_warning,
          minmay_the_grid_triangle_9x9_sprig,
          minmay_the_grid_triangle_9x9_intruding_spiral,
          minmay_the_grid_triangle_9x9_windchime,
          minmay_the_grid_prize_inner_circle], layout_gridville,
          kennysheep_mini_moat, uniq_grum
D:10:     layout_basic, grunt_temple_overflow_order_and_chaos_2,
          nicolae_overflows_in_rows, dpeg_lair_monsters
D:11:     layout_loops_ring, uniq_josephine, uniq_erolcha
Temple:   hellmonk_temple_two_chambers
Lair:1:   layout_regular_city, cheibrodos_lair_reptile_den, grunt_megastairs_4,
          uniq_fannar, uniq_erica
Abyss:2:  base: D:3, serial_sigils_hangedman_quiver,
          serial_sigils_hangedman_quiver

Skill      XL: |  1  2  3  4  5  6  7  8  9 10 11 12 |
---------------+-------------------------------------+-----
Axes           | 3 4 5 6 7 10 11 13 14 | 14.1
Throwing       | 1 2 3 4 5 |  5.1
Armour         | 4 5 6 7 |  7.8
Dodging        | 1 2 |  2.8
Fighting       | 4 5 6 7 |  7.5
Evocations     | 1 2 3 5 |  5.1
Shields        | 5 6 7 8 |  8.7
Stealth        | 1 |  1.6
Invocations    | 6 |  6.0

Action                     |  1- 3 |  4- 6 |  7- 9 | 10-12 || total
---------------------------+-------+-------+-------+-------++-------
  Melee: War axe           |    52 |       |       |       ||    52
         Executioner's axe |    48 |   128 |   103 |   240 ||   519
         Battleaxe         |       |       |    87 |   227 ||   314
  Throw: Dart              |     2 |     2 |    33 |    14 ||    51
         Javelin           |       |       |     9 |    29 ||    38
         Throwing net      |       |       |     2 |       ||     2
 Invoke: Heroism           |       |       |       |     4 ||     4
         Finesse           |       |       |       |     1 ||     1
  Evoke: Wand              |       |       |    12 |     7 ||    19
    Use: Scroll            |     3 |    11 |     5 |    11 ||    30
         Potion            |       |     3 |     4 |     7 ||    14
   Stab: Invisible         |       |     2 |       |     1 ||     3
         Distracted        |       |       |     1 |       ||     1
 Armour: Scale mail        |    53 |    55 |    41 |       ||   149
         Chain mail        |       |       |    28 |   178 ||   206
  Dodge: Dodged            |    52 |    65 |   105 |   163 ||   385
  Block: Buckler           |    31 |    33 |    79 |   245 ||   388
         Reflection        |       |       |       |     6 ||     6
